 Dungeon Crawl Stone Soup version 0.26-a0-491-g70697cc071 (webtiles) character file.

Game seed: 8021485753109534764

1167 MrRokkomies the Nimble (level 8, -5/34 HPs)
             Began as a Felid Chaos Knight on Aug 5, 2020.
             Was a Plaything of Xom.
             Slain by an ogre
             ... wielding a cursed +0 giant club
              (24 damage)
             ... on level 8 of the Dungeon.
             The game lasted 00:16:24 (9594 turns).

MrRokkomies the Nimble (Felid Chaos Knight)         Turns: 9594, Time: 00:16:26

Health: -5/34      AC:  2    Str:  8    XL:     8   Next: 17%
Magic:  9/9        EV: 26    Int: 15    God:    Xom [....*.]
Gold:   489        SH:  0    Dex: 16    Spells: 6/7 levels left
                                        Lives:  0   Deaths: 2

rFire    . . .     SeeInvis +     - Unarmed
rCold    . . .     Faith    .   (shield unavailable)
rNeg     . . .     Spirit   .   (armour unavailable)
rPois    +         Reflect  .   (helmet unavailable)
rElec    .         Harm     .   (cloak unavailable)
rCorr    .                      (gloves unavailable)
MR       +....                  (boots unavailable)
Stlth    +++.......             f - amulet of regeneration
HPRegen  0.51/turn              b - ring of poison resistance
MPRegen  0.11/turn              (no ring)

@: quick
A: very small, no armour, no weapons or thrown items, stealth, antennae 1, claws
1, fangs 3, see invisible, speed 1, frail 1, screaming 1, shaggy fur 2, wild
magic 1, sharp paws
a: Renounce Religion


You were on level 8 of the Dungeon.
You worshipped Xom.
You were a beloved toy of Xom.
You visited 2 branches of the dungeon, and saw 10 of its levels.

You collected 489 gold pieces.

Inventory:

Jewellery
 b - a ring of poison resistance (left paw)
 f - an amulet of regeneration (around neck)
Scrolls
 e - a scroll of amnesia
 h - a scroll of fear
Potions
 c - 2 potions of flight
 d - a potion of brilliance
 g - 4 potions of curing
 j - a potion of resistance
 k - a potion of cancellation {unknown}
 l - 2 potions of magic


   Skills:
 + Level 6.0 Fighting
 * Level 10.3 Dodging
 - Level 5.0 Stealth
 * Level 8.3 Unarmed Combat


You had 6 spell levels left.
You knew the following spells:

 Your Spells              Type           Power        Failure   Level
a - Beastly Appendage     Tmut           #.....       34%         1

Your spell library contained the following spells:

 Spells                   Type           Power        Failure   Level
 Wereblood                Tmut           #.......     47%         2
 Spider Form              Tmut/Pois      #.........   71%         3
 Ice Form                 Ice/Tmut       #.......     97%         4
 Blade Hands              Tmut           #.........   100%        5


Dungeon Overview and Level Annotations

Branches:
Dungeon (9/15)             Temple (1/1) D:5
   Lair: D:8-11         Orc: D:9-12

Altars:
Ashenzari
Cheibriados
Dithmenos
Elyvilon
Fedhas
Gozag
Hepliaklqana
Kikubaaqudgha
Makhleb
Nemelex Xobeh
Okawaru
Qazlal
Ru
Sif Muna
Trog
Uskayaw
Vehumet
Wu Jian
Xom
Yredelemnul
Zin
The Shining One

Shops:
D:4 *   D:7 *   D:8 [

Annotations:
D:4 Grinder


Innate Abilities, Weirdness & Mutations

You cannot wear armour.
You are incapable of wielding weapons or throwing items.
Your paws allow you to move quietly. (Stealth)
You have sharp claws.
You have razor-sharp teeth.
You have supernaturally acute eyesight. (SInv)
You cover ground quickly.
You are covered in thick fur. (AC +2)
Your sharp claws are effective at attacking unaware monsters.
You have a pair of small antennae on your head.
You are frail. (-10% HP)
You occasionally shout uncontrollably at your foes.
Your spells are a little harder to cast, but a little more powerful.


Message History

You closely miss Grum.
Grum is severely wounded.
Grum hits you with a -1 halberd!
The hound barks!
You scratch Grum.
Grum is severely wounded.
Grum misses you.
You closely miss Grum.
Grum is severely wounded.
Grum misses you. The worker ant closely misses you.
You scratch Grum.
Grum is severely wounded.
Grum completely misses you. The worker ant bites you.
You claw Grum!
You kill Grum!
The worker ant closely misses you.
The ogre hits you with a cursed +0 giant club!!
Ouch! That really hurt!
You die...
Xom cackles wildly!

...#....)##........###
...#....††..##.......#
#.......##..##.......#
.#.$....##..######(.####
..#....##.....## #.....#
.......###.....#
.......# #......#
#.#...##.......#
#......$
#.#...##.#....## ,,,,,,
,*#......@.......# ,,,
,, ,###...Oa)#......
,,,,,,, ,* #.###h## ...
,,,,,, , #.# ... #
,>,,,, ,,,.. .... , ,, ,
#..*#..... ,,.........=.
....... ,,,......F/.
......## ,, #....... ,


You could see an ogre, a hound and a worker ant.

Vanquished Creatures
  A troll (D:6)
  A hornet (D:7)
  A hippogriff (D:8)
  3 ice beasts
  Grum (D:8)
  A phantom (D:7)
  A sky beast (D:7)
  A wolf (D:8)
  An eye of draining (D:8)
  An ogre (D:8)
  Dowan (D:5)
  A scorpion (D:4)
  2 wights (D:7)
  3 howler monkeys
  A bullfrog zombie (D:8)
  A hound (D:5)
  A jelly (D:7)
  A centaur skeleton (D:4)
  6 orc wizards
  An iguana (D:5)
  4 worker ants
  2 hound skeletons
  A gnoll (D:3)
  7 adders
  3 white imps (D:5)
  5 oozes
  An adder zombie (D:8)
  An adder skeleton (D:5)
  2 worms
  2 dart slugs
  10 leopard geckos
  27 orcs
  5 bats
  5 giant cockroaches
  10 goblins
  4 hobgoblins
  7 jackals
  4 quokkas
  2 ball pythons
  A ball python skeleton (D:4)
  4 frilled lizards
  5 kobolds
  A leopard gecko skeleton (D:4)
  A quokka zombie (D:5)
  4 rats
148 creatures vanquished.

Vanquished Creatures (collateral kills)
  Menkaure (D:4)
  An orc priest (D:6)
  3 orcs
  A jackal (D:4)
6 creatures vanquished.

Vanquished Creatures (others)
  Duvessa (D:5)
1 creature vanquished.

Grand Total: 155 creatures vanquished

Notes
Turn   | Place    | Note
-------+----------+-------------------------------------------
     0 | D:1      | MrRokkomies the Felid Chaos Knight began the quest for the
                  | Orb.
     0 | D:1      | Reached XP level 1. HP: 10/10 MP: 2/2
    82 | D:1      | XOM: silly message
   318 | D:1      | Reached XP level 2. HP: 14/14 MP: 3/3
   550 | D:1      | Reached skill level 1 in Stealth
  1030 | D:1      | Reached XP level 3. HP: 13/17 MP: 4/4
  1562 | D:2      | Reached skill level 4 in Dodging
  1669 | D:2      | XOM: confusion (+ monsters)
  1882 | D:2      | XOM: enchant monster (bad)
  2011 | D:2      | XOM: 2-stop teleportation journey
  2204 | D:2      | You fall into a shaft and drop 2 floors!
  2212 | D:4      | Noticed Menkaure
  2214 | D:4      | XOM: butterfly on damage
  2221 | D:4      | XOM: cast spell 'Summon Hydra'
  2223 | D:4      | Killed Menkaure
  2223 | D:4      | Reached XP level 4. HP: 20/21 MP: 5/5
  2272 | D:4      | Reached skill level 5 in Dodging
  2272 | D:4      | Reached XP level 5. HP: 21/25 MP: 6/6
  2422 | D:3      | XOM: 1-stop teleportation journey
  3702 | D:3      | XOM: noise
  3756 | D:4      | XOM: silly message
  3767 | D:4      | Gained mutation: You are covered in thick fur. (AC +2)
                  | [Felid growth]
  3767 | D:4      | Reached XP level 6. HP: 15/28 MP: 7/7
  3771 | D:4      | XOM: silly message
  4029 | D:4      | XOM: noise
  4090 | D:4      | XOM: god gift: 4 datura-tipped darts
  4143 | D:4      | Noticed Grinder
  4146 | D:4      | XOM: enchant monster (good)
  4347 | D:4      | Found Kitossem's General Store.
  4390 | D:4      | XOM: scenery: 1 doors open
  4480 | D:4      | XOM: give mutations
  4480 | D:4      | Gained mutation: You have a pair of small antennae on your
                  | head. [Xom's grace]
  4480 | D:4      | Gained mutation: Your spells are a little harder to cast,
                  | but a little more powerful. [Xom's grace]
  4480 | D:4      | Gained mutation: You are robust. (+10% HP) [Xom's grace]
  4709 | D:4      | XOM: divination: detect creatures
  4721 | D:4      | Reached skill level 6 in Dodging
  4766 | D:4      | Learned a level 1 spell: Beastly Appendage
  4805 | D:4      | Reached skill level 5 in Unarmed Combat
  4819 | D:5      | Entered Level 5 of the Dungeon
  4829 | D:5      | Noticed an ice beast
  5085 | D:5      | Noticed Duvessa
  5085 | D:5      | Noticed Dowan
  5178 | D:5      | Noticed an ice beast
  5182 | D:5      | XOM: enchant monster (good)
  5187 | D:5      | Your ally died
  5199 | D:5      | Killed an ice beast
  5199 | D:5      | Reached XP level 7. HP: 19/35 MP: 8/8
  5236 | D:5      | Killed Dowan
  5687 | D:5      | XOM: butterfly on damage
  5699 | D:5      | XOM: stat loss: -1 Str (7/8)
  6072 | D:5      | Found a staircase to the Ecumenical Temple.
  6081 | Temple   | Entered the Ecumenical Temple
  6442 | D:5      | XOM: give mutations
  6442 | D:5      | Lost mutation: You are robust. (+10% HP) [Xom's mischief]
  6442 | D:5      | Gained mutation: You occasionally shout uncontrollably at
                  | your foes. [Xom's mischief]
  6442 | D:5      | Gained mutation: You are frail. (-10% HP) [Xom's mischief]
  6468 | D:5      | Reached skill level 7 in Dodging
  6631 | D:5      | XOM: draining
  7047 | D:5      | Found a shattered altar of Ashenzari.
  7274 | D:6      | XOM: summons 2 friendly demons
  7275 | D:6      | XOM: butterfly on damage
  7379 | D:6      | XOM: summons 4 hostile demons
  7380 | D:6      | Noticed a chaos spawn
  7380 | D:6      | Noticed an ice devil
  7381 | D:6      | XOM: blink monster(s)
  7386 | D:6      | XOM: 2-stop teleportation journey
  7583 | D:6      | XOM: butterfly on damage
  7589 | D:6      | XOM: divination: magic mapping
  7589 | D:6      | Slain by an orc wizard
  7590 | D:6      | Reached XP level 6. HP: 0/26 MP: 7/7
  7712 | D:6      | XOM: divination: magic mapping
  7713 | D:6      | XOM: enchant monster (good)
  7723 | D:6      | XOM: torment (10/26 hp)
  7744 | D:6      | Reached XP level 7. HP: 19/29 MP: 8/8
  7834 | D:6      | Noticed a troll
  7850 | D:6      | XOM: summons 3 hostile demons
  7852 | D:6      | Killed a troll
  7852 | D:6      | Reached skill level 8 in Dodging
  7852 | D:6      | Reached skill level 5 in Stealth
  7929 | D:6      | Reached skill level 5 in Fighting
  8384 | D:7      | Found Semnynn's Lightly-Used Armoury.
  8390 | D:7      | XOM: noise
  8410 | D:7      | XOM: confuse monster(s)
  8411 | D:7      | XOM: confusion (+ monsters)
  8426 | D:7      | Reached XP level 8. HP: 33/33 MP: 9/9
  8525 | D:7      | Reached skill level 9 in Dodging
  9076 | D:8      | Noticed a hippogriff
  9090 | D:7      | XOM: enchant monster (bad)
  9145 | D:8      | Noticed Grum
  9145 | D:8      | Noticed a hornet
  9150 | D:8      | XOM: summons friendly ufetubus
  9151 | D:8      | XOM: enchant monster (good)
  9165 | D:7      | Killed a hornet
  9288 | D:8      | XOM: divination: magic mapping
  9432 | D:8      | XOM: summons friendly shadow imp
  9468 | D:8      | Killed a hippogriff
  9492 | D:8      | Reached skill level 10 in Dodging
  9494 | D:8      | XOM: divination: magic mapping
  9497 | D:8      | XOM: enchant monster (bad)
  9499 | D:8      | Slain by a bullfrog
  9500 | D:8      | Reached XP level 7. HP: -4/30 MP: 7/8
  9546 | D:8      | XOM: 7-stop teleportation journey
  9547 | D:8      | Found Raebonig's Armour Emporium.
  9551 | D:8      | XOM: confuse monster(s)
  9562 | D:8      | Reached XP level 8. HP: 27/34 MP: 9/9
  9594 | D:8      | Killed Grum
  9594 | D:8      | Slain by an ogre

Illustrated notes

Levels and vault maps discovered:
D:1:      dpeg_arrival_court, layout_loops_corners
D:2:      layout_basic, chequers_serial_rivers_small_a,
          wander_ebering_terrifying_dragon_lair
D:3:      layout_basic, st_stairs_4
D:4:      layout_gridville, serial_shops, shop, kennysheep_small_spiral,
          kennysheep_flooded_box, uniq_grinder, uniq_menkaure
D:5:      layout_loops_ring, kennysheep_mini, minmay_temple_entry_butterflies,
          chequers_serial_rivers_small_a, amethyst_killhole, uniq_duvessa
D:6:      layout_cave_pods
D:7:      mumra_celtic_spiral_tile, layout_basic, minmay_misc_feat_enclosed,
          minmay_shop_damaged, serial_park_tiny_1
D:8:      layout_cave_pools, serial_shops, shop, uniq_joseph, uniq_grum
D:9:      minmay_imperfect_grid, layout_irregular_city, erik_lair_island,
          uniq_gastronok
Temple:   minmay_crystal_snake_temple

Skill      XL: |  1  2  3  4  5  6  7  8 |
---------------+-------------------------+-----
Stealth        | 1 2 3 5 |  5.0
Dodging        | 4 5 6 8 10 | 10.3
Unarmed Combat | 4 5 7 8 |  8.3
Fighting       | 4 6 |  6.0

Action                   |  1- 3 |  4- 6 |  7- 9 || total
-------------------------+-------+-------+-------++-------
Melee: Unarmed           |   107 |   210 |   329 ||   646
       Bite              |     3 |    24 |    33 ||    60
       Punch             |     2 |     1 |     6 ||     9
Evoke: Wand              |       |     4 |     3 ||     7
  Use: Scroll            |     6 |     5 |     8 ||    19
       Potion            |     2 |       |     2 ||     4
 Stab: Sleeping          |     6 |    15 |     7 ||    28
       Distracted        |       |     3 |     4 ||     7
       Invisible         |       |       |     3 ||     3
       Confused          |       |       |     2 ||     2
Armor: Skin              |     2 |    14 |     9 ||    25
Dodge: Dodged            |    75 |   159 |   303 ||   537

Table legend: (Time is in decaauts)
 A = Elapsed time spent in this place.
 B = Non-inter-level travel time spent in this place.
 C = Inter-level travel time spent in this place.
 D = Time resting spent in this place.
 E = Time spent auto-exploring this place.
 F = Levels seen in this place.
 G = Mean time per level.
                   A        B        C        D        E       F      G
               +--------+--------+--------+--------+--------+-----+--------+
         Total |   8531 |   8103 |    428 |   1945 |   4545 |  10 |  853.1 |
       Dungeon |   8377 |   7970 |    407 |   1945 |   4414 |   9 |  930.8 |
        Temple |    153 |    132 |     21 |      0 |    130 |   1 |  153.0 |
               +--------+--------+--------+--------+--------+-----+--------+

Top non-repeatable levels by time:
     D:5: 1757 daAuts
     D:4: 1462 daAuts
     D:1: 1369 daAuts
     D:2: 1011 daAuts
     D:7: 986 daAuts
     D:6: 820 daAuts
     D:3: 766 daAuts
     D:8: 202 daAuts
  Temple: 153 daAuts
     D:9: 1 daAuts
